 Dungeon Crawl Stone Soup version 0.25.1-8-g42b30a86e7 (webtiles) character file.

Game seed: 2862434808699988328

102 hawla the Conjurer (level 4, 0/33 HPs)
             Began as a Draconian Conjurer on Dec 22, 2020.
             Succumbed to Terence's poison
             ... on level 2 of the Dungeon.
             The game lasted 00:04:47 (2077 turns).

hawla the Conjurer (Draconian Conjurer)             Turns: 2077, Time: 00:04:48

Health: 0/33       AC:  7    Str: 11    XL:     4   Next: 49%
Magic:  1/8        EV: 12    Int: 16    God:
Gold:   158        SH:  0    Dex: 17    Spells: 2/9 levels left

rFire    . . .     SeeInvis .   a - +0 long sword
rCold    . . .     Gourm    .   (no shield)
rNeg     . . .     Faith    .   (armour unavailable)
rPois    .         Spirit   .   (helmet restricted)
rElec    .         Reflect  .   (no cloak)
rCorr    .         Harm     .   (no gloves)
MR       +....                  g - +1 pair of boots
Stlth    ++........             (no amulet)
HPRegen  0.11/turn              d - +6 ring of dexterity
MPRegen  0.11/turn              f - ring of protection from magic

@: lethally poisoned (0 -> -15)
A: unfitting armour, cold-blooded, AC +5
a: no special abilities


You were on level 2 of the Dungeon.
You were not hungry.

You visited 1 branch of the dungeon, and saw 2 of its levels.

You collected 158 gold pieces.

Inventory:

Hand Weapons
 a - a +0 long sword (weapon)
Missiles
 i - 10 poisoned darts (quivered)
Armour
 g - a +1 pair of boots (worn)
Jewellery
 d - a +6 ring of dexterity (left hand)
 e - a +6 ring of strength
 f - a ring of protection from magic (right hand)
Wands
 o - a wand of flame (15)
Scrolls
 c - 3 scrolls of identify
 n - a scroll of remove curse {unknown}
Potions
 l - 2 potions of flight
Comestibles
 b - 4 rations


   Skills:
 - Level 1.7 Dodging
 - Level 1.7 Stealth
 + Level 3.0 Spellcasting
 + Level 5.4 Conjurations
 * Level 0.1 Translocations


You had 2 spell levels left.
You knew the following spells:

 Your Spells              Type           Power        Failure   Level  Hunger
a - Magic Dart            Conj           ###.         1%          1    #......
b - Searing Ray           Conj           ###...       3%          2    ##.....
c - Iskenderun's Mystic   Conj/Tloc      ##......     52%         4    #####..

Your spell library contained the following spells:

 Spells                   Type           Power        Failure   Level  Hunger
 Dazzling Flash           Conj/Hex       ##....       19%         3    ###....
 Fulminant Prism          Conj/Hex       ##........   52%         4    #####..


Dungeon Overview and Level Annotations

Branches:
Dungeon (2/15)

Altars:
Wu Jian

Annotations:
D:2 Terence


Innate Abilities, Weirdness & Mutations

Your plain brown scales are hard. (AC +5)
You cannot fit into any form of body armour.
You are cold-blooded and may be slowed by cold attacks.


Message History

* * * LOW HITPOINT WARNING * * *
You feel sick.
* * * LOW HITPOINT WARNING * * *
You feel sick.
* * * LOW HITPOINT WARNING * * *
You feel sick.
There is a stone staircase leading down here.
You hit Terence but do no damage.
Terence is heavily wounded.
* * * LOW HITPOINT WARNING * * *
You feel sick. Terence hits you but does no damage.
You barely miss Terence.
Terence is heavily wounded.
* * * LOW HITPOINT WARNING * * *
You feel sick. Terence hits you but does no damage.
You are more poisoned.
You barely miss Terence.
You tail-slap Terence, but do no damage.
Terence is heavily wounded.
You die...

######### #.(.....#
#.......# #####.#
#.......#####.....
##.............#####.#
.'.............@@....#
##.............#######
#.............#
########......#
########.....#.#
.......+.....#.#
########.....#.#
###.###.# #.#


You could see Terence.

Vanquished Creatures
  A hound zombie (D:2)
  4 gnolls (D:2)
  2 adders (D:2)
  A dart slug (D:1)
  A leopard gecko (D:1)
  2 bats (D:1)
  3 goblins (D:1)
  5 hobgoblins
  2 jackals (D:2)
  A quokka (D:2)
  3 frilled lizards
  3 kobolds (D:1)
  3 rats
31 creatures vanquished.

Notes
Turn   | Place    | Note
-------+----------+-------------------------------------------
     0 | D:1      | hawla the Draconian Conjurer began the quest for the Orb.
     0 | D:1      | Reached XP level 1. HP: 14/14 MP: 3/3
    54 | D:1      | You fall into a shaft and drop 1 floor!
    75 | D:2      | Reached XP level 2. HP: 8/20 MP: 0/5
   379 | D:1      | Learned a level 2 spell: Searing Ray
   630 | D:1      | Reached XP level 3. HP: 24/26 MP: 3/6
  1328 | D:2      | Found an ornate altar of the Wu Jian Council.
  1336 | D:2      | Reached skill level 5 in Conjurations
  1394 | D:2      | Reached XP level 4. HP: 33/33 MP: 4/8
  1418 | D:2      | Learned a level 4 spell: Iskenderun's Mystic Blast
  1692 | D:2      | Noticed Terence
  2076 | D:2      | HP: 1/33 [poisoned by Terence]
  2077 | D:2      | Succumbed to Terence's poison

Illustrated notes

Levels and vault maps discovered:
D:1:      dpeg_arrival_rhombi, layout_basic, minmay_small_reverse_x
D:2:      layout_basic, lemuel_doored_altar, minmay_pentomino_s4, uniq_terence

Skill      XL: |  1  2  3  4 |
---------------+-------------+-----
Conjurations   | 5 |  5.4
Spellcasting   | 3 |  3.0
Dodging        | |  1.7
Stealth        | |  1.7
Translocations | |  0.1

Action                   |  1- 3 |  4- 6 || total
-------------------------+-------+-------++-------
Melee: Unarmed           |     7 |       ||     7
       Tailslap          |     4 |     6 ||    10
       Long sword        |    25 |    12 ||    37
 Cast: Magic Dart        |    35 |    13 ||    48
       Searing Ray       |     1 |     4 ||     5
  Use: Potion            |       |     6 ||     6
       Scroll            |       |     3 ||     3
  Eat: Chunk             |     2 |     2 ||     4
Armor: Skin              |    12 |    11 ||    23
Dodge: Dodged            |    25 |    27 ||    52
       Rpst.: Long sword |     9 |     7 ||    16
